 Dungeon Crawl Stone Soup version 0.25-a0-1136-gc1285e62ab (webtiles) character file.

Game seed: 12233950904302936938, levelgen mode: deterministic

96 Mrkan the Chopper (level 4, 0/42 HPs)
             Began as a Deep Dwarf Monk on May 23, 2020.
             Slain by a worm (4 damage)
             ... on level 3 of the Dungeon.
             The game lasted 00:05:58 (1672 turns).

Mrkan the Chopper (Deep Dwarf Monk)                 Turns: 1672, Time: 00:05:58

Health: 0/42       AC:  9    Str: 15    XL:     4   Next: 41%
Magic:  4/4        EV:  8    Int: 11    God:
Gold:   143        SH:  0    Dex: 15    Spells: 3/3 levels left

rFire    . . .     SeeInvis .   a - +0 hand axe
rCold    . . .     Gourm    .   (no shield)
rNeg     . . .     Faith    .   s - +0 chain mail
rPois    .         Spirit   .   (no helmet)
rElec    .         Reflect  .   (no cloak)
rCorr    .         Harm     .   n - +0 pair of gloves
MR       .....                  (no boots)
Stlth    ..........             (no amulet)
HPRegen  0.00/turn              (no ring)
MPRegen  0.09/turn              (no ring)

@: non-regenerating
A: damage resistance, heal wounds, sense surroundings 1, no regeneration
a: Heal Wounds


You were on level 3 of the Dungeon.
You were not hungry.

You visited 1 branch of the dungeon, and saw 3 of its levels.

You collected 143 gold pieces.

Inventory:

Hand Weapons
 a - a +0 hand axe (weapon)
Armour
 n - a +0 pair of gloves (worn)
 s - a +0 chain mail (worn)
Jewellery
 f - a cursed -4 ring of evasion {unknown}
 r - a cursed ring of attention {unknown}
Scrolls
 e - 2 scrolls of teleportation {unknown}
 i - a scroll of amnesia {unknown}
 l - 4 scrolls of identify {unknown}
 p - 2 scrolls of fear {unknown}
 q - a scroll of enchant armour {unknown}
Potions
 b - a potion of berserk rage {unknown}
 d - a potion of might {unknown}
 g - a potion of stabbing {unknown}
 h - 4 potions of curing {unknown}
 j - a potion of cancellation {unknown}
 m - a potion of degeneration {unknown}
 o - a potion of magic {unknown}
Comestibles
 c - 4 rations


   Skills:
 + Level 3.3 Fighting
 * Level 4.7 Axes
 + Level 4.0 Dodging
 - Level 2.4 Stealth


You had 3 spell levels left.
You didn't know any spells.
Your spell library was empty.

Dungeon Overview and Level Annotations

Branches:
Dungeon (3/15)

Altars:
The Shining One


Innate Abilities, Weirdness & Mutations

You are resistant to damage.
You can heal yourself by infusing magical energy.
You passively map a small area around you.
You do not regenerate.


Message History

The hobgoblin is heavily wounded.
The hobgoblin closely misses you.
You barely miss the hobgoblin.
The hobgoblin is heavily wounded.
The hobgoblin hits you with a cursed -3 club.
A worm comes into view.
You hit the hobgoblin.
You kill the hobgoblin!
You see here a cursed -3 club.
The worm bites you.
You hit the worm.
The worm is moderately wounded.
You barely miss the worm.
The worm is moderately wounded.
The worm bites you.
* * * LOW HITPOINT WARNING * * *
You hit the worm.
The worm is moderately wounded.
The worm bites you.
You die...

....###..####...#### ,
###.......^.....##### ,
# #.###..#.##.#.....#
###.# ...#.##.##....# ,.
, ....# #
#....##....##.. ....#.##
####...)...?..#
.......................#
...##.#..#..##.........#
........ #. *#..@.....!#
.........#......w.......
,
###.........#...#..###..
........ #... #.#* ..,
*....# # #... ,.. , ....
+...* ... , , * #...
.... , , #...* .... ,,


You could see a worm.

Vanquished Creatures
  2 adders
  An ooze (D:1)
  A worm (D:2)
  3 dart slugs
  2 leopard geckos (D:1)
  An orc (D:3)
  A ball python (D:1)
  11 bats
  A giant cockroach (D:2)
  7 goblins
  10 hobgoblins
  8 kobolds
  8 frilled lizards
  9 rats
65 creatures vanquished.

Notes
Turn   | Place    | Note
-------+----------+-------------------------------------------
     0 | D:1      | Mrkan the Deep Dwarf Monk began the quest for the Orb.
     0 | D:1      | Reached XP level 1. HP: 20/20 MP: 1/1
   148 | D:1      | Reached XP level 2. HP: 18/27 MP: 2/2
   275 | D:1      | Reached XP level 3. HP: 10/34 MP: 3/3
  1095 | D:2      | Found a glowing golden altar of the Shining One.
  1150 | D:2      | Reached XP level 4. HP: 17/42 MP: 4/4
  1672 | D:3      | Slain by a worm

Illustrated notes

Levels and vault maps discovered:
D:1:      matt_arrival_diagonals, layout_loops_ring, minmay_three_crescents
D:2:      cheibrodos_old_hovel, layout_rooms, first_ration,
          nicolae_tso_swordbearing_angel
D:3:      layout_basic, old_standard_altar

Skill      XL: |  1  2  3  4 |
---------------+-------------+-----
Fighting       | 3 |  3.3
Axes           | 4 |  4.7
Dodging        | 4 |  4.0
Stealth        | |  2.4

Action                   |  1- 3 |  4- 6 || total
-------------------------+-------+-------++-------
Melee: Hand axe          |   196 |    69 ||   265
 Abil: Heal Wounds       |     1 |       ||     1
 Stab: Sleeping          |     2 |       ||     2
  Eat: Chunk             |     1 |     2 ||     3
Armor: Robe              |    15 |       ||    15
       Ring mail         |    52 |       ||    52
       Chain mail        |     1 |    57 ||    58
Dodge: Dodged            |   144 |    37 ||   181

Table legend:
 A = Non-vault XP
 B = Vault XP
 C = Vault XP percentage of total XP
 D = Non-vault monster count
 E = Vault monster count
 F = Vault count percentage of total count
                 A         B        C        D         E       F
            +---------+---------+-------+---------+---------+-------
      Total |     125 |      13 |   9.4 |      58 |       7 |  10.8
            +---------+---------+-------+---------+---------+-------
        D:1 |      61 |       9 |  12.9 |      33 |       6 |  15.4
        D:2 |      38 |       4 |   9.5 |      18 |       1 |   5.3
        D:3 |      26 |       0 |   0.0 |       7 |       0 |   0.0
            +---------+---------+-------+---------+---------+-------
